[Event "Live Chess"]
[Site "Chess.com"]
[Date "2023.05.21"]
[Round "-"]
[White "jumush"]
[Black "WelshTiger"]
[Result "0-1"]
[WhiteElo "1713"]
[BlackElo "2326"]
[TimeControl "300"]
[EndTime "6:49:50 PDT"]
[Termination "WelshTiger won by resignation"]

1. e4 c5 2. Nc3 a6 3. g3 b5 4. Bg2 Bb7 5. d3 e6 6. f4 g6 7. Nf3 Bg7 8. Ne2 d6 9. c3 Ne7 10. O-O O-O 11. Kh1 Nbc6 12. Qe1 Rc8 13. g4 f5 14. g5 b4 15. Bd2 a5 16. Qh4 Ba6 17. Ne1 fxe4 18. Bxe4 d5 19. Bg2 Nf5 20. Qg4 e5 21. fxe5 Nxe5 22. Qh3 Bb7 23. Rg1 Qd7 24. Nf4 Rce8 25. Nf3 Nxf3 26. Qxf3 Nh4 27. Qg3 Nxg2 28. Rxg2 d4 29. cxd4 Bxd4 30. Rf1 Be5 31. Qh4 Qc6 32. Rf2 Bxf4 33. Bxf4 Re1+ 0-1

[Event "Live Chess"]
[Site "Chess.com"]
[Date "2023.05.21"]
[Round "-"]
[White "Delacorta"]
[Black "martynstanley"]
[Result "1-0"]
[WhiteElo "1385"]
[BlackElo "1024"]
[TimeControl "300"]
[EndTime "6:49:58 PDT"]
[Termination "Delacorta won by checkmate"]

1. d4 e6 2. Nf3 d5 3. e3 c5 4. Bd3 Nc6 5. b3 Qb6 6. Bb2 Nh6 7. a3 Nf5 8. O-O cxd4 9. exd4 Qc7 10. Bxf5 exf5 11.
Re1+ Be7 12. Nc3 b6 13. Nxd5 Qd6 14. Nxe7 Nxe7 15. a4 Bb7 16. Ba3 Qd7 17. Rxe7+ Qxe7 18. Bxe7 Kxe7 19. Qe2+ Be4 20. Nd2 Rae8 21. Nxe4 fxe4 22.
Qxe4+ Kd7 23. Qb7+ Kd6 24. d5 Re7 25. Qc6+ Ke5 26.
Re1+ Kd4 27. Rxe7 Rd8 28. c3+ Kd3 29. Qc4+ Kc2 30. Re2+ Kb1 31. Qd3+ Ka1 32. Qc2 Rxd5 33. Qb2# 1-0

[Event "Live Chess"]
[Site "Chess.com"]
[Date "2023.05.21"]
[Round "-"]
[White "LiamClery2020"]
[Black "worldchessleaguelive"]
[Result "1-0"]
[WhiteElo "1960"]
[BlackElo "1352"]
[TimeControl "300"]
[EndTime "6:50:16 PDT"]
[Termination "LiamClery2020 won by resignation"]

1. e4 d5 2. exd5 Qxd5 3. Nc3 Qd8 4. d4 Nf6 5. Bc4 e6 6. Nf3 Be7 7. Bg5 h6 8. Bxf6 Bxf6 9. Bd3 Nc6 10. Bb5 Bd7 11.
O-O a6 12. Bc4 b5 13. Bb3 O-O 14. Re1 b4 15. Ne2 a5 16. Rb1 a4 17. Bc4 Na5 18. Bd3 Bc6 19. Ng3 Bxf3 20. Qxf3 Qxd4 21. Ne4 Nc4 22.
Nxf6+ gxf6 23. Re4 Nd2 24. Rxd4 Nxf3+ 25. gxf3 c5 26. Rc4 Rfc8 27. a3 Rab8 28. axb4 cxb4 29. Ra1 Rxc4 30. Bxc4 Rc8 31. b3 a3 32. Kf1 Kf8 33. Ke2 Rd8 34. c3 bxc3 35. Rxa3 Rd2+ 36. Ke3 Rb2 37. Kd3 c2 38. Kd2 Ke7 39. Kc1 Rb1+ 40. Kxc2 Rf1 41. Bxf1 1-0

[Event "Live Chess"]
[Site "Chess.com"]
[Date "2023.05.21"]
[Round "-"]
[White "GMHarry-youtube"]
[Black "elephantgerrald"]
[Result "1-0"]
[WhiteElo "2040"]
[BlackElo "677"]
[TimeControl "300"]
[EndTime "6:50:16 PDT"]
[Termination "GMHarry-youtube won by checkmate"]

1. e4 e5 2. Nf3 Nf6 3. Nxe5 d6 4. Nxf7 Kxf7 5. d4 Nxe4 6. Qh5+ g6 7. Qd5+ Be6 8. Qxe4 c6 9. Bd3 d5 10. Qf3+ Kg7 11.
O-O Bd6 12. Re1 Bf7 13. Bf4 Bxf4 14. Qxf4 Rf8 15. Qe5+ Kh6 16. Re3 Nd7 17. Rh3+ Qh4 18. Rxh4# 1-0

[Event "Live Chess"]
[Site "Chess.com"]
[Date "2023.05.21"]
[Round "-"]
[White "PantherCal"]
[Black "LiamBellwood"]
[Result "0-1"]
[WhiteElo "1820"]
[BlackElo "1905"]
[TimeControl "300"]
[EndTime "6:50:23 PDT"]
[Termination "LiamBellwood won on time"]

1. e4 e6 2. d4 d5 3. exd5 exd5 4. Bd3 Bd6 5. Nf3 Ne7 6. O-O Bg4 7. Bg5 f6 8. Bh4 Nbc6 9. c3 Qd7 10. Nbd2 O-O-O 11. b4 g5 12. Bg3 Rde8 13. Nb3 h5 14. b5 Nd8 15.
Nc5 Bxc5 16. dxc5 h4 17. Qa4 Kb8 18. c6 bxc6 19. bxc6 Nexc6 20. Rab1+ Ka8 21. Bxc7 Qxc7 22. Nd4 Nxd4 23. cxd4 Bd7 24. Qb3 h3 25. Rfc1 Bc6 26. g3 Nf7 27. Bb5 Nd8 28. Qc2 Re6 29. Qc5 Qd7 30. Bxc6+ Rxc6 31. Qb5 Rxc1+ 0-1

[Event "Live Chess"]
[Site "Chess.com"]
[Date "2023.05.21"]
[Round "-"]
[White "peter-785"]
[Black "LL220284LL"]
[Result "0-1"]
[WhiteElo "1171"]
[BlackElo "2289"]
[TimeControl "300"]
[EndTime "6:50:29 PDT"]
[Termination "LL220284LL won on time"]

1. e4 c6 2. Nf3 d5 3. exd5 cxd5 4. d4 Nf6 5. Be2 Bf5 6. O-O e6 7. Bd3 Bxd3 8. Qxd3 Nbd7 9. Bg5 Bd6 10. Nbd2 h6 11. Bxf6 Nxf6 12. Ne5 O-O 13. Ndf3 Rc8 14. c3 Ne4 15. Nd2 Nxd2 16. Qxd2 b5 17. a3 a5 18. f4 Qb6 19. Kh1 b4 20. axb4 axb4 21. Nd7 Qb5 22.
Nxf8 Bxf8 23. cxb4 Bxb4 24. Qd1 g6 25. b3 Qb6 26. Ra4 Bd6 27. Qa1 Qxb3 28. Ra8 Rb8 29. Rxb8+ Qxb8 30. Rb1 Qc7 31. g3 Qc2 32. Rb2 Qe4+ 33.
Kg1 Qxd4+ 34. Kg2 Qe4+ 35. Kh3 Qf5+ 36. Kg2 Qd3 37. Ra2 Qe4+ 38. Kh3 Qf5+ 39. Kg2 Qe4+ 40. Kh3 d4 41. Ra8+ Kg7 42. Ra4 Qf5+ 43. Kg2 Qd5+ 44. Kh3 e5 45. fxe5 Bxe5 46. Ra5 Qd7+ 47. Kg2 Qc6+ 48.
Kh3 Bf6 49. Ra4 d3 50. Qd1 Qd7+ 51. Kg2 d2 52. Ra2 Qd5+ 53. Kh3 Qxa2 54. Kg2 Qd5+ 55. Kh3 Qf5+ 56. Kg2 Qe4+ 57. Kh3 Qe1 0-1

[Event "Live Chess"]
[Site "Chess.com"]
[Date "2023.05.21"]
[Round "-"]
[White "davigator"]
[Black "chessfiction"]
[Result "1-0"]
[WhiteElo "2301"]
[BlackElo "2304"]
[TimeControl "300"]
[EndTime "6:50:34 PDT"]
[Termination "davigator won by resignation"]

1. e4 d5 2. exd5 c6 3. dxc6 e5 4. Nc3 Bc5 5. Nf3 Nf6 6. Bb5 O-O 7. O-O e4 8. Ng5 Bf5 9. Qe2 Nxc6 10. Bxc6 bxc6 11.
Ngxe4 Re8 12. d3 Bd4 13. Qf3 Qd7 14. Bd2 Rab8 15. Rab1 h6 16. h3 Re7 17. Nxf6+ Bxf6 18. Bf4 Rb4 19. a3 Rb7 20. Na4 Qe8 21. b3 Be6 22.
Nc5 Bd5 23. Qg3 Rb5 24. b4 Rb6 25. Bxh6 Re2 26. c4 Be6 27. Be3 Bf5 28. Qf3 Rxe3 29.
fxe3 Bg6 30. Kh1 Rb8 31. Rbd1 Rd8 32. d4 Qe7 33. Rd2 Re8 34. Re1 Bg5 35. Rde2 f5 36.
Qxc6 Bh4 37. Qxg6 Bxe1 38. Rxe1 1-0

[Event "Live Chess"]
[Site "Chess.com"]
[Date "2023.05.21"]
[Round "-"]
[White "HadesLearmonth"]
[Black "McSlash1"]
[Result "0-1"]
[WhiteElo "1208"]
[BlackElo "1988"]
[TimeControl "300"]
[EndTime "6:50:43 PDT"]
[Termination "McSlash1 won by resignation"]

1. e4 c5 2. Nf3 d6 3. d4 cxd4 4.
Nxd4 Nf6 5. Nc3 g6 6. Be2 Bg7 7. O-O O-O 8. Bg5 Nc6 9. a3 Nd7 10. b4 Nxd4 11. Qxd4 Bxd4 0-1

[Event "Live Chess"]
[Site "Chess.com"]
[Date "2023.05.21"]
[Round "-"]
[White "AttackingSnowLeopard"]
[Black "TheSmoulderingMaster"]
[Result "1-0"]
[WhiteElo "2169"]
[BlackElo "1659"]
[TimeControl "300"]
[EndTime "6:50:44 PDT"]
[Termination "AttackingSnowLeopard won by resignation"]

1. Nf3 d5 2. e3 c5 3. c4 e6 4. b3 Nf6 5. Bb2 Nc6 6. Be2 Be7 7.
O-O O-O 8. d4 cxd4 9. Nxd4 Bd6 10. Nd2 e5 11. Nxc6 bxc6 12. Nf3 e4 13. Nd4 Bd7 14.
cxd5 cxd5 15. Bb5 Bxb5 16. Nxb5 h5 17. Nxd6 Qxd6 18. Qd4 Rac8 19. Rac1 Rxc1 20. Rxc1 Rd8 21. h3 Kh8 22. Rc5 Qa6 23. Rc7 Qe2 24. Rxf7 Qe1+ 25.
Kh2 Qxf2 26. Rxf6 gxf6 27. Qxf6+ Qxf6 28. Bxf6+ Kg8 29. Bxd8 d4 30. exd4 1-0

[Event "Live Chess"]
[Site "Chess.com"]
[Date "2023.05.21"]
[Round "-"]
[White "SaraTang"]
[Black "sup3rm0nk3y"]
[Result "0-1"]
[WhiteElo "138"]
[BlackElo "1348"]
[TimeControl "300"]
[EndTime "6:50:45 PDT"]
[Termination "sup3rm0nk3y won by resignation"]

1. e4 c5 2. Bc4 e6 3. Nh3 d5 4. Bxd5 exd5 5. exd5 Qxd5 6. Ng5 Qxg2 7. Rf1 Be7 8. Ne4 Qxe4+ 9. Qe2 Qxe2+ 10. Kxe2 Nf6 11. Rg1 O-O 0-1

[Event "Live Chess"]
[Site "Chess.com"]
[Date "2023.05.21"]
[Round "-"]
[White "WilliWeisswurst"]
[Black "matt1979"]
[Result "0-1"]
[WhiteElo "1770"]
[BlackElo "1545"]
[TimeControl "300"]
[EndTime "6:50:54 PDT"]
[Termination "matt1979 won by checkmate"]

1. e4 d6 2. d4 Nf6 3. Bd3 e5 4. Nf3 Nbd7 5. c3 Be7 6. O-O c6 7. h3 Qc7 8. Re1 b6 9. Nbd2 h6 10. Nf1 g5 11. N3h2 Nf8 12. Ne3 Ng6 13. Nf5 Bxf5 14.
exf5 Nf4 15. Bc2 Rg8 16. Ng4 Nxg4 17. hxg4 O-O-O 18. Bxf4 gxf4 19. dxe5 dxe5 20. Qe2 f6 21. Qc4 h5 22. gxh5 Rg5 23. Bd3 Bc5 24. Qe6+ Kb8 25.
Bf1 Qg7 26. b4 Rg8 27. Qxc6 Rxh5 28. bxc5 Rgh8 29. g3 fxg3 30. fxg3 Qxg3+ 31. Bg2 Rh1# 0-1

[Event "Live Chess"]
[Site "Chess.com"]
[Date "2023.05.21"]
[Round "-"]
[White "FailsGambits"]
[Black "Leonid_Starozhilov"]
[Result "0-1"]
[WhiteElo "1330"]
[BlackElo "2623"]
[TimeControl "300"]
[EndTime "6:51:00 PDT"]
[Termination "Leonid_Starozhilov won by resignation"]

1. e4 g6 2. d4 Bg7 3. c4 d6 4. Be3 c5 5. Nc3 cxd4 6. Bxd4 Nf6 7. Bd3 Nc6 8. Be3 Ng4 9. Bd2 Qb6 10. Nh3 Nge5 11.
Qc2 Bxh3 12. gxh3 Qxb2 13. Qxb2 Nxd3+ 0-1

[Event "Live Chess"]
[Site "Chess.com"]
[Date "2023.05.21"]
[Round "-"]
[White "wadsy27"]
[Black "Conradical12"]
[Result "1-0"]
[WhiteElo "2554"]
[BlackElo "1566"]
[TimeControl "300"]
[EndTime "6:51:02 PDT"]
[Termination "wadsy27 won by resignation"]

1. d4 d5 2. c4 c6 3. Nf3 Nf6 4. cxd5 cxd5 5. Nc3 Nc6 6. Bf4 Bf5 7. Qb3 Qb6 8. Qxb6 axb6 9. a3 e6 10. Rc1 Be7 11. e3 O-O 12. h3 h6 13. Be2 Ne4 14. Nxe4 Bxe4 15. O-O Rad8 16. Nd2 f6 17. Bc7 Rd7 18.
Bxb6 Bd6 19. Nxe4 dxe4 20. Bc5 Bxc5 21. Rxc5 f5 22. Rfc1 f4 23. Bb5 Rc8 24. Bxc6 bxc6 25. Rxc6 Rxc6 26. Rxc6 Rb7 27. Rxe6 Rxb2 28. Rxe4 fxe3 29.
fxe3 1-0

[Event "Live Chess"]
[Site "Chess.com"]
[Date "2023.05.21"]
[Round "-"]
[White "CheckThis4"]
[Black "DRS44"]
[Result "1-0"]
[WhiteElo "2524"]
[BlackElo "1322"]
[TimeControl "300"]
[EndTime "6:51:11 PDT"]
[Termination "CheckThis4 won by resignation"]

1. d4 d5 2. Nc3 Nf6 3. e4 dxe4 4. f3 exf3 5. Nxf3 Bg4 6. h3 Bxf3 7. Qxf3 Nc6 8. Bb5 e6 9. Bxc6+ bxc6 10. Qxc6+ Ke7 11. b3 Rb8 12. Ba3+ 1-0

[Event "Live Chess"]
[Site "Chess.com"]
[Date "2023.05.21"]
[Round "-"]
[White "ChessTWSS"]
[Black "wot-not"]
[Result "1-0"]
[WhiteElo "1647"]
[BlackElo "1542"]
[TimeControl "300"]
[EndTime "6:51:12 PDT"]
[Termination "ChessTWSS won by checkmate"]

1. d4 Nf6 2. Bf4 d6 3. Nf3 Bg4 4. e3 Nbd7 5. c3 e5 6. Bg5 e4 7. h3 Bh5 8. g4 exf3 9. gxh5 h6 10. Bxf6 Qxf6 11. Bd3 c5 12. Nd2 cxd4 13. cxd4 Be7 14. Qxf3 Qg5 15. Ne4 Qa5+ 16. Nc3 O-O 17. Qe4 f5 18. Qxe7 Nf6 19. Qxd6 Rad8 20. b4 Qa3 21.
Qe6+ Kh8 22. Qb3 Qxb3 23. axb3 f4 24. exf4 Rxd4 25. Rd1 Nxh5 26. f5 Rxb4 27. Bc4 a6 28. Nd5 Rxc4 29. bxc4 Rxf5 30. Rg1 Re5+ 31. Ne3 Nf4 32.
Rd8+ Kh7 33. Rd7 b5 34. Rdxg7+ Kh8 35. Rg8+ Kh7 36. R1g7# 1-0

[Event "Live Chess"]
[Site "Chess.com"]
[Date "2023.05.21"]
[Round "-"]
[White "Ian-Morley"]
[Black "Cimon"]
[Result "0-1"]
[WhiteElo "1087"]
[BlackElo "1843"]
[TimeControl "300"]
[EndTime "6:51:20 PDT"]
[Termination "Cimon won by resignation"]

1. e4 c5 2. Nf3 Nc6 3. Bb5 g6 4. Bxc6 dxc6 5. O-O Bg7 6. Re1 Nf6 7. c3 O-O 8. d4 cxd4 9. cxd4 Bg4 10. Nc3 Bxf3 11.
Qxf3 Qxd4 12. Be3 Qb4 13. Rab1 a5 14. a3 Qb3 15. e5 Nd5 16. Nxd5 cxd5 17. Bd4 Qxf3 18.
gxf3 b5 19. Kg2 e6 20. f4 Rfc8 21. Rbc1 Bf8 22. Rxc8 Rxc8 23. Bc3 b4 24. axb4 Bxb4 25. Bxb4 axb4 26. Re2 Rc4 27. Kf3 Kf8 28. Kg4 h6 29. h4 Ke7 30. h5 Kd7 31. hxg6 fxg6 32. f3 g5 33. Kh5 Rxf4 34. Kxh6 Rxf3 35. Kxg5 Kc6 36.
Rc2+ Kb5 37. Rc8 d4 38. Re8 d3 39. Rxe6 Kc4 40. Rd6 Kb3 41. e6 Kxb2 42. e7 Re3 43. Kf6 Kc2 44. Kf7 Rxe7+ 45. Kxe7 d2 46. Kd7 d1=Q 47.
Kc6 Qxd6+ 48. Kxd6 b3 0-1

[Event "Live Chess"]
[Site "Chess.com"]
[Date "2023.05.21"]
[Round "-"]
[White "HonestJoe1"]
[Black "MJMykh"]
[Result "1-0"]
[WhiteElo "2089"]
[BlackElo "1162"]
[TimeControl "300"]
[EndTime "6:51:23 PDT"]
[Termination "HonestJoe1 won by resignation"]

1. d4 d5 2. Nf3 Nc6 3. c3 h6 4. g3 Nf6 5. Bg2 Bg4 6. O-O Bxf3 7.
Bxf3 e6 8. Qb3 Rb8 9. Nd2 a6 10. e4 dxe4 11. Nxe4 Nxe4 12. Bxe4 Bd6 13. Bxc6+ bxc6 14. Qc4 Rb6 15. Be3 a5 16. d5 cxd5 17. Qa4+ 1-0

[Event "Live Chess"]
[Site "Chess.com"]
[Date "2023.05.21"]
[Round "-"]
[White "mattihelenius2"]
[Black "AMCWAML"]
[Result "0-1"]
[WhiteElo "490"]
[BlackElo "2265"]
[TimeControl "300"]
[EndTime "6:51:43 PDT"]
[Termination "AMCWAML won by checkmate"]

1. d4 Nf6 2. c4 e6 3. Nc3 c5 4. e4 cxd4 5. Qd3 Nc6 6. Nb5 Bc5 7. Nd6+ Bxd6 8. c5 Bxc5 9. Qc4 d6 10. e5 Nxe5 11.
Qb5+ Bd7 12. Qxb7 Rb8 13. Qa6 Bb4+ 14. Bd2 Bxd2+ 15. Kxd2 Rxb2+ 16. Kd1 Ne4 17. Nf3 Nxf2+ 18. Ke1 Nxf3+ 19. gxf3 Qg5 20. Qxd6 Qd2# 0-1

[Event "Live Chess"]
[Site "Chess.com"]
[Date "2023.05.21"]
[Round "-"]
[White "JoRoSaR"]
[Black "EdenHazard8"]
[Result "1-0"]
[WhiteElo "1678"]
[BlackElo "1979"]
[TimeControl "300"]
[EndTime "6:51:49 PDT"]
[Termination "JoRoSaR won on time"]

1. e4 c6 2. d4 d5 3. exd5 cxd5 4. Bd3 Nc6 5. c3 Qc7 6. Ne2 Bg4 7. O-O e6 8. Nd2 Bd6 9. g3 h5 10. Re1 h4 11.
Nf1 hxg3 12. fxg3 Nf6 13. Bg5 O-O-O 14. b4 Rh5 15. Qd2 Rdh8 16. Bf4 Bxe2 17. Bxd6 Qxd6 18. Rxe2 Ng4 19. a4 Nxh2 20. Rxh2 Rxh2 21. Nxh2 Qxg3+ 22. Qg2 Qxd3 23. Qxg7 Rh3 24. Qf8+ Nd8 25. Qc5+ Nc6 26.
Qf8+ Kd7 27. Qxf7+ Ne7 28. Re1 Qg3+ 29. Kf1 Qd3+ 30.
Kg1 Qg6+ 31. Qxg6 Nxg6 32. Kg2 Rxc3 33. Nf3 Nf4+ 34. Kg3 Nd3 35. Re3 Rb3 36. Nd2 Rxb4 37. Rxd3 Rxa4 38. Kf4 Kd6 39. Nf3 b5 40. Ne5 b4 41. Rb3 a5 42. Ke3 Ra3 43. Rd3 a4 44. Kd2 Ra2+ 45. Kc1 b3 46. Kb1 Rh2 47. Nf7+ Ke7 48.
Ng5 Kd6 49. Re3 Kc7 50. Nxe6+ Kb6 51. Nc5 Kb5 52. Rc3 Kb4 53. Rc1 a3 54. Nd3+ Ka4 55.
Nc5+ Kb4 56. Nd3+ Ka5 57. Rc5+ Kb6 58. Rc3 a2+ 59. Ka1 Rh1+ 60. Nc1 Ka5 61. Rxb3 Rxc1+ 62. Kb2 Rc4 63. Ra3+ Kb5 64. Rxa2 Rxd4 65. Kc3 Rh4 66.
Kd3 Kc5 67. Rc2+ Kd6 68. Rg2 Rh3+ 69. Kd4 Rh4+ 70. Ke3 Rh3+ 71. Kf4 d4 72. Rg6+ Kc5 73. Rg5+ Kc4 74. Ke4 d3 75. Rg8 Rh4+ 76. Ke3 Rh3+ 77. Kd2 Rh2+ 78. Ke3 d2 79. Rc8+ Kb3 80. Rd8 Kc2 81.
Rc8+ Kb1 82. Rb8+ Kc1 83. Rc8+ Kd1 84. Kd3 Ke1 85. Re8+ Kd1 86. Rg8 Rh3+ 87. Kd4 Kc1 88. Rc8+ Kd1 89. Ra8 Rh2 90. Kd3 1-0

[Event "Live Chess"]
[Site "Chess.com"]
[Date "2023.05.21"]
[Round "-"]
[White "epicali2010"]
[Black "stevochess11"]
[Result "1/2-1/2"]
[WhiteElo "933"]
[BlackElo "1690"]
[TimeControl "300"]
[EndTime "6:51:51 PDT"]
[Termination "Game drawn - insufficient material"]

1. c4 c5 2. Nc3 Nf6 3. g3 e6 4.
Bg2 Be7 5. e3 O-O 6. Nge2 d5 7. cxd5 exd5 8. O-O Nc6 9. Nf4 Be6 10.
Nxe6 fxe6 11. d4 cxd4 12. exd4 Rc8 13. Be3 Na5 14. Qa4 Nc4 15. b3 Nxe3 16. fxe3 Rxc3 17. Qxa7 Rxe3 18. Qxb7 Ng4 19. Bh3 h5 20. Qc6 Qd6 21.
Rxf8+ Bxf8 22. Qxd6 Bxd6 23. Bxg4 hxg4 24. a4 Rxb3 25. a5 Rb8 26. a6 Ra8 27. Kf2 Kf7 28. Ke3 Ke7 29. Kd3 Kd7 30. Kc2 Kc7 31. Kb3 Kb6 32.
Rc1 Rxa6 33. Rc8 Ra3+ 34. Kc2 Ra2+ 35. Kd3 Rxh2 36. Rg8 Bxg3 37. Rxg7 Rh4 38. Rg6 Kb5 39. Rxe6 Rh3 40. Ke2 Bf4 41. Rf6 Re3+ 42. Kf2 Re4 43.
Rg6 Be3+ 44. Kg3 Bxd4 45. Rxg4 Re3+ 46. Kf2 Ra3+ 47. Rxd4 Kc5 48. Rd1 d4 49. Rb1 Kc4 50.
Ke2 Ra2+ 51. Kd1 Kc3 52. Rb8 Ra4 53. Rc8+ Kd3 54. Kc1 Ra3 55. Rh8 Rc3+ 56. Kd1 Kc4 57. Rc8+ Kd3 58. Rh8 Kc4 59. Rc8+ Kb4 60. Rb8+ Ka3 61.
Ra8+ Kb2 62. Rb8+ Rb3 63. Rd8 d3 64. Kd2 Kb1 65. Rxd3 Rb2+ 66. Ke3 Rc2 67. Ke4 Re2+ 68. Kd4 Kc2 69. Rh3 Kd2 70. Rd3+ Kc2 71. Rc3+ Kb2 72.
Rh3 Rd2+ 73. Ke5 Rd1 74. Ke4 Re1+ 75. Re3 Rxe3+ 76. Kxe3 1/2-1/2

[Event "Live Chess"]
[Site "Chess.com"]
[Date "2023.05.21"]
[Round "-"]
[White "Chesscoach_Golichenko"]
[Black "lateforthesky"]
[Result "1-0"]
[WhiteElo "2623"]
[BlackElo "2108"]
[TimeControl "300"]
[EndTime "6:52:21 PDT"]
[Termination "Chesscoach_Golichenko won by resignation"]

1. d4 Nf6 2. c4 g6 3. Nc3 Bg7 4. e4 d6 5. Be2 O-O 6. Bg5 Na6 7.
Qd2 c5 8. d5 e6 9. h3 Nc7 10. Nf3 exd5 11. exd5 Re8 12. O-O a6 13.
a4 b6 14. Bd3 Rb8 15. Rae1 Bd7 16. Rxe8+ Qxe8 17. Re1 Qf8 18. g4 b5 19. Qf4 bxc4 20.
Bxc4 Nce8 21. Qd2 h6 22. Bf4 Nc7 23. b3 Kh7 24. Qd3 Re8 25. Rxe8 Nfxe8 26. Ne4 Qe7 27.
Nxc5 dxc5 28. d6 Qf6 29. Be5 Qd8 30. dxc7 Nxc7 31. Bxf7 Ne8 32. Qxg6+ 1-0

[Event "Live Chess"]
[Site "Chess.com"]
[Date "2023.05.21"]
[Round "-"]
[White "Alfiedog12"]
[Black "manthanit"]
[Result "0-1"]
[WhiteElo "891"]
[BlackElo "1085"]
[TimeControl "300"]
[EndTime "6:52:23 PDT"]
[Termination "manthanit won by resignation"]

1. d4 e6 2. Bf4 d6 3. Nf3 g6 4.
e3 Bg7 5. Bd3 h6 6. c3 Ne7 7.
Qc2 O-O 8. Nbd2 b6 9. O-O-O Bb7 10. e4 Nd7 11. Rde1 a6 12. g4 e5 13. Bg3 exd4 14.
Nxd4 Ne5 15. Bxe5 Bxe5 16. N4f3 Bg7 17. h4 d5 18. e5 Nc6 19. e6 fxe6 20. Rxe6 Rf6 21.
Rxf6 Qxf6 22. g5 Qf7 23. Bxg6 Qe6 24. Bh7+ Kh8 25. Rg1 Rf8 26. gxh6 Bxh6 27. Bg6 Rxf3 28. h5 Rxf2 29. Kb1 Rxd2 30. Qf5 Qxf5+ 31. Bxf5 Ne7 32. Be6 Bc8 33. Bf7 Re2 34. Rd1 Be6 35. Bxe6 Rxe6 36. Rf1 Re5 37. Rf8+ Bxf8 0-1

[Event "Live Chess"]
[Site "Chess.com"]
[Date "2023.05.21"]
[Round "-"]
[White "WelshTiger"]
[Black "Olisingapore"]
[Result "1-0"]
[WhiteElo "2327"]
[BlackElo "1785"]
[TimeControl "300"]
[EndTime "6:52:42 PDT"]
[Termination "WelshTiger won by resignation"]

1. e4 c5 2. Nf3 d6 3. d4 cxd4 4. Nxd4 Nf6 5. Nc3 a6 6. h4 e5 7. Nb3 Be6 8. f4 g6 9. fxe5 dxe5 10. Qxd8+ Kxd8 11. Bg5 Bg7 12. O-O-O+ Nd7 13. Nc5 Ke7 14. Nxd7 Rad8 15. Nxf6 Rxd1+ 16. Nxd1 Bxf6 17. Bxf6+ Kxf6 18. Ne3 Rd8 19. Bc4 b5 20. Bxe6 fxe6 21. Rf1+ Kg7 22.
Rd1 Rxd1+ 23. Kxd1 h5 24. c4 bxc4 25. Nxc4 Kf6 26. Kd2 g5 27. g3 gxh4 28. gxh4 Ke7 29. Nxe5 Kd6 30. Nd3 1-0

[Event "Live Chess"]
[Site "Chess.com"]
[Date "2023.05.21"]
[Round "-"]
[White "JoeRoot66"]
[Black "zdanevych"]
[Result "1-0"]
[WhiteElo "1896"]
[BlackElo "1496"]
[TimeControl "300"]
[EndTime "6:52:45 PDT"]
[Termination "JoeRoot66 won by resignation"]

1. e4 c5 2. c3 e6 3. d4 d5 4. exd5 exd5 5. Nf3 Nc6 6. Bb5 a6 7. Bxc6+ bxc6 8. O-O Bg4 9. Re1+ Be7 10. Qa4 Bxf3 11. Qxc6+ Kf8 12. gxf3 Nf6 13. Bf4 cxd4 14. cxd4 h6 15. Nc3 g5 16. Be5 Kg7 17. Nxd5 Kg6 18. Nxe7+ Qxe7 19. Bxf6 Qxf6 20. Qxf6+ Kxf6 21. Rad1 Rhd8 22. d5 Rd6 23. b3 Rad8 24. Re4 Rxd5 25.
Rxd5 Rxd5 26. Ra4 Rd6 27. Kf1 Ke6 28. Ke2 f5 29. Ke3 Kd7 30. Rd4 Rxd4 31. Kxd4 Kd6 32. a3 h5 33. b4 g4 34. fxg4 fxg4 35. Ke4 h4 36. Kf4 g3 37. fxg3 hxg3 38. hxg3 Kc6 39.
a4 1-0

[Event "Live Chess"]
[Site "Chess.com"]
[Date "2023.05.21"]
[Round "-"]
[White "Hacker_2009"]
[Black "Doge_Dandolo"]
[Result "1-0"]
[WhiteElo "1933"]
[BlackElo "1898"]
[TimeControl "300"]
[EndTime "6:52:48 PDT"]
[Termination "Hacker_2009 won by resignation"]

1. d4 d5 2. Nf3 Nf6 3. e4 dxe4 4.
Nfd2 Bf5 5. c4 e6 6. Nc3 c6 7.
g3 Be7 8. Bg2 O-O 9. Ndxe4 Nxe4 10. Nxe4 Nd7 11. O-O Nf6 12. Re1 Nxe4 13. Bxe4 Bxe4 14.
Rxe4 Bf6 15. b3 c5 16. Bb2 cxd4 17. Bxd4 Qe7 18. Bxf6 Qxf6 19. Rd4 Rfd8 20. Rxd8+ Rxd8 21. Qe1 h5 22. Rd1 Kf8 23. Rd2 Rxd2 24. Qxd2 Ke8 25. a4 Qe5 26. Qe3 Qxe3 27. fxe3 a5 28. Kf2 Kd7 29. e4 Kc6 30. Ke3 Kc5 31. Kd3 Kb4 32.
Kc2 e5 33. h3 g5 34. g4 hxg4 35. hxg4 b6 36. Kb2 f6 37. Kc2 Kc5 38. Kc3 Kc6 39.
b4 axb4+ 40. Kxb4 Kb7 41. Kb5 Kc7 42. c5 bxc5 43. Kxc5 Kd7 44. a5 1-0

[Event "Live Chess"]
[Site "Chess.com"]
[Date "2023.05.21"]
[Round "-"]
[White "bedsdrout"]
[Black "educatedlad"]
[Result "1-0"]
[WhiteElo "1399"]
[BlackElo "1622"]
[TimeControl "300"]
[EndTime "6:52:57 PDT"]
[Termination "bedsdrout won by checkmate"]

1. e3 e6 2. Nf3 d5 3. Be2 c5 4. O-O Nf6 5. b3 Nc6 6. Nc3 Bd6 7. d4 O-O 8. dxc5 Bxc5 9. Bb2 Re8 10. Na4 Bd6 11. c4 Ne7 12. c5 Bc7 13. Ne5 Nc6 14. Ng4 e5 15. Nxf6+ Qxf6 16. Qxd5 Be6 17. Qf3 Qg6 18. Qg3 Qf6 19. Rad1 Rad8 20. Nc3 Rc8 21. Ne4 Qh6 22. Bf3 Bf5 23. Nd6 Bxd6 24. cxd6 e4 25.
d7 exf3 26. dxe8=Q+ Rxe8 27. Rd6 Re6 28. Rd7 Rg6 29.
Qb8+ Nxb8 30. Rd8# 1-0

[Event "Live Chess"]
[Site "Chess.com"]
[Date "2023.05.21"]
[Round "-"]
[White "friarnator"]
[Black "Long1968"]
[Result "1-0"]
[WhiteElo "2042"]
[BlackElo "958"]
[TimeControl "300"]
[EndTime "6:53:06 PDT"]
[Termination "friarnator won on time"]

1. e4 e6 2. d4 d5 3. Nc3 Bb4 4. e5 c5 5. a3 cxd4 6. axb4 dxc3 7.
Qg4 Ne7 8. Qxg7 Ng6 9. Bd3 Rf8 10. Bh6 Qe7 11. Bxg6 fxg6 12. Qxf8+ Qxf8 13. Bxf8 Kxf8 14. bxc3 Nc6 15. f4 Bd7 16. Nf3 Rc8 17. Kd2 a6 18. Nd4 Ne7 19. g4 Kg7 20. Raf1 Rf8 21. h4 h6 22. h5 gxh5 23. Rxh5 Ng6 24. Ke3 Bb5 25. Rfh1 1-0

[Event "Live Chess"]
[Site "Chess.com"]
[Date "2023.05.21"]
[Round "-"]
[White "SupremeTactician"]
[Black "KeithArkell"]
[Result "0-1"]
[WhiteElo "2210"]
[BlackElo "2490"]
[TimeControl "300"]
[EndTime "6:53:06 PDT"]
[Termination "KeithArkell won by resignation"]

1. e4 c6 2. d4 d5 3. exd5 cxd5 4. Bd3 Nf6 5. c3 Nc6 6. Ne2 Bg4 7. O-O Bxe2 8. Qxe2 e6 9. Bg5 Be7 10. f4 g6 11. Bh4 O-O 12. Nd2 Ne8 13. Bf2 Nd6 14. Rac1 Qd7 15. b3 f5 16. Nf3 Ne4 17. Be3 a6 18. Rfe1 b5 19. g3 Rfc8 20. Kg2 Bf6 21. Ne5 Nxe5 22. fxe5 Bg7 23. Bxe4 dxe4 24. c4 Rc7 25. Red1 Rac8 26. Bf4 h6 27. h4 Kh7 28. d5 bxc4 29. dxe6 Qxe6 30. Rd6 Qe8 31. bxc4 Bxe5 32. Bxe5 Qxe5 33. Rxa6 e3 34. a4 Qe4+ 35. Kh2 Rxc4 0-1

[Event "Live Chess"]
[Site "Chess.com"]
[Date "2023.05.21"]
[Round "-"]
[White "shohrehbayat"]
[Black "Duke_of_Bebington"]
[Result "1-0"]
[WhiteElo "2043"]
[BlackElo "1539"]
[TimeControl "300"]
[EndTime "6:53:08 PDT"]
[Termination "shohrehbayat won by checkmate"]

1. e4 e5 2. Bc4 Nf6 3. d3 Nc6 4. Nf3 Be7 5. Nc3 O-O 6. O-O d6 7. Be3 Be6 8. Bb3 a6 9. d4 exd4 10. Nxd4 Nxd4 11. Bxd4 Bxb3 12. axb3 Qd7 13. f4 Rfe8 14. e5 dxe5 15. fxe5 Nd5 16. Qf3 Nxc3 17. Qxf7+ Kh8 18. Bxc3 Rf8 19. Qxg7+ Kxg7 20. e6+ Kh6 21. exd7 Rad8 22. Rxf8 Bxf8 23. Rf1 Bd6 24. Rf7 Kg6 25. Rg7+ Kh6 26. g4 Bf8 27. Rf7 Kg6 28. Rf6+ Kg5 29.
h3 Bg7 30. Rf5+ Kg6 31. Kf2 Rxd7 32. Bxg7 Kxg7 33. Ke3 Kg6 34. Rc5 b6 35. Rc6+ Kg7 36. Kf4 h6 37. h4 Rf7+ 38. Kg3 Re7 39. g5 hxg5 40. hxg5 Rd7 41. Kg4 Re7 42. Kh5 Rd7 43. Kg4 Re7 44. Kf5 a5 45. c4 Rf7+ 46. Kg4 Re7 47.
c5 b5 48. Ra6 a4 49. bxa4 Re4+ 50. Kf5 Rxa4 51. Rc6 Ra7 52. b4 Rb7 53. g6 Kf8 54. Rf6+ Kg7 55. Rf7+ Kg8 56. Kf6 Ra7 57. Re7 Ra6+ 58.
Re6 Ra8 59. g7 Rd8 60. Re7 Rc8 61. Rf7 c6 62. Ke6 Re8+ 63. Re7 Rd8 64. Rd7 Re8+ 65. Kd6 Rc8 66. Rc7 Rd8+ 67. Kxc6 Re8 68. Kxb5 Re6 69. c6 Re5+ 70. Kb6 Re6 71. b5 Re5 72. Rd7 Re8 73.
c7 Rc8 74. Rd8+ Rxd8 75. cxd8=Q+ Kxg7 76. Qe7+ Kg6 77. Kc5 Kh5 78. b6 Kg4 79. b7 Kg3 80. b8=Q+ Kf2 81. Qbf8+ Kg2 82. Qeg7+ Kh1 83. Qfh8# 1-0